cohdb
Replays
Latest Replays
All Replays
Popular Replays
Top Player Replays
Match Explorer
How It Works
Community
CoH3 Stats
Reddit
Sign in to upload your games and track your stats! →
Sign in with Steam
Match 45436833
Unlisted
Match 45436833
Overview
Messages
Build Orders
End
250 Light Carrier
Selects Italian Infantry
Panzergrenadier Squad
Panzergrenadier Squad
Construct Light Support Kompanie
MG34 Team
Fire Support Elements
Selects Guastatori Squad
Flakvierling Half-track
2.5-tonne Medical Truck
Assault Mechanized Group
Panzerjäger Squad
Selects Registered Artillery
Construct Panzerarmee Kommand
Panzer III L Medium Tank
Selects Sound the Alarm
Selects Territory Booby Traps
Pak 38 Mechanized Group
Panzer III L Medium Tank
Panzer III L Medium Tank
Selects Obice 305mm Barrage
Vehicle Survival Package
Blackdead
V4rangian
quimera
Silen
Willbam
BICEPMACHINE
BACK SHOT
Pacifist
0
0
Comments
sign in to comment!
No comments posted yet!